 Dungeon Crawl Stone Soup version 0.19-a0-1834-g6b7851e (console) character file.

1997 brucemayne the Cleaver (level 9, 0/62 HPs)
             Began as a Vampire Berserker on Oct 9, 2016.
             Was a Believer of Trog.
             Succumbed to a killer bee's poison
             ... on level 8 of the Dungeon.
             The game lasted 00:09:26 (1474 turns).

brucemayne the Cleaver (Vampire Berserker)          Turns: 1474, Time: 00:09:26

Health: 0/62       AC: 11    Str: 19    XL:     9   Next: 2%
Magic:  9/9        EV: 11    Int: 10    God:    Trog [**....]
Gold:   142        SH:  0    Dex: 10    Spells: 0 memorised, 8 levels left

rFire  . . .     SeeInvis +     s - +0 war axe
rCold  + + +     Gourm    .     o - +5 ring mail "Tozolin" {rC+++ MR+ rCorr Dex-3}
rNeg   + + .     Faith    .     (no shield)
rPois  +         Spirit   .     k - +0 helmet
rElec  .         Dismiss  .     (no cloak)
rCorr  +         Reflect  .     (no gloves)
MR     +++..     Harm     .     (no boots)
Stlth  +.........               (no amulet)
                                (no ring)
                                (no ring)

@: lethally poisoned (0 -> -1), exhausted, regenerating, slowed, very slow
A: fangs 3, see invisible, unbreathing
a: Bat Form, Berserk, Trog's Hand, Burn Spellbooks, Renounce Religion


You were on level 8 of the Dungeon.
You worshipped Trog.
Trog was pleased with you.
You were thirsty.

You visited 1 branch of the dungeon, and saw 9 of its levels.

You collected 142 gold pieces.

Inventory:

Hand Weapons
 a - a +0 hand axe
 s - a +0 war axe (weapon)
Missiles
 e - 15 poisoned needles
Armour
 b - a +0 animal skin
 d - a +0 leather armour
 k - a +0 helmet (worn)
 l - a +0 ring mail
 o - the +5 ring mail "Tozolin" (worn) {rC+++ MR+ rCorr Dex-3}
   (You found it on level 7 of the Dungeon)

   It affects your dexterity (-3).
   It renders you almost immune to cold.
   It affects your resistance to hostile enchantments.
   It protects you from acid and corrosion.
Jewellery
 f - an uncursed ring of teleportation
 h - an uncursed amulet of harm
Wands
 g - a wand of disintegration (9/24)
 q - a wand of digging (17/24)
Scrolls
 n - 2 scrolls of enchant armour {unknown}
 p - a scroll of fear {unknown}
 t - a scroll of identify
Potions
 c - 4 potions of blood
 m - a potion of heal wounds {unknown}
Books
 r - a book of Air

   Spells                             Type                      Level
   a - Shock                          Conjuration/Air              1
   b - Swiftness                      Charms/Air                   2
   c - Repel Missiles                 Charms/Air                   2
   d - Static Discharge               Conjuration/Air              3
   e - Lightning Bolt                 Conjuration/Air              5
   Trog disapproves of the use of such an item.


   Skills:
 - Level 2.6 Fighting
 + Level 13.8 Axes
 - Level 1.5 Armour
 - Level 2.1 Dodging


You had 8 spell levels left.
You didn't know any spells.

Dungeon Overview and Level Annotations

Branches:
Dungeon (9/15)             Temple (0/1) D:5
   Lair: D:8-11         Orc: D:9-12

Altars:
Cheibriados
Gozag
Hepliaklqana
Nemelex Xobeh
Okawaru
Uskayaw
The Shining One

Shops:
D:5 *

Annotations:
D:5 Grinder
D:7 Dowan, Duvessa


Innate Abilities, Weirdness & Mutations

You heal slowly.
You have razor-sharp teeth.
You have supernaturally acute eyesight. (SInv)
You can survive without breathing.


Message History

* * * LOW HITPOINT WARNING * * *
You feel sick.
The killer bee stings you but does no damage.
The killer bee misses you.
The killer bee stings you but does no damage.
Okay, then.
It was a potion of experience.
You feel more experienced!
Your Axes skill gained 4 levels and is now at level 13!
You have reached level 9!
Your experience leads to an increase in your attributes!
Your base attributes are Str 18, Int 10, Dex 13.
Increase (S)trength, (I)ntelligence, or (D)exterity?
You feel stronger.
* * * LOW HITPOINT WARNING * * *
You feel sick. The killer bee stings you.
* * * LOW HITPOINT WARNING * * *
The killer bee stings you but does no damage. x2
It was a potion of berserk rage.
You feel slightly irritated.
You die...

#..#..###.#####.########.#
#..##)....##[...#........#
#..##.#...........########
#..##.##...#.######
#..##.#.#.#..########
#..##................
#..####.#.#..###..... #..#
##...#.# #.#### #
#..######[##.# #@# .#
#........)##.###y#####.#
.##....[[.[...J......# $#
#.##.###.###.#...### .# # #.#
#.#........## .# #.
#.###.#[#.......### .#
#.##.#.....#.........# .##
#.#.....##.#.......#.#####...
#.#..........................


You could see a jelly and a killer bee.

Vanquished Creatures
  An orc warrior (D:8)
  2 sky beasts
  An ice beast (D:8)
  A phantom (D:8)
  A gnoll sergeant (D:8)
  2 scorpions
  A killer bee (D:9)
  A hound (D:9)
  A centaur skeleton (D:4)
  Ijyb (D:3)
  An iguana (D:5)
  2 orc wizards
  3 worker ants
  A hound zombie (D:9)
  4 gnolls (D:8)
  A howler monkey skeleton (D:4)
  4 adders
  An ooze (D:4)
  A leopard gecko (D:3)
  6 orcs
  2 giant cockroaches
  3 goblins
  3 hobgoblins
  A bat (D:3)
  2 frilled lizards
  A jackal skeleton (D:6)
  4 kobolds
  A quokka zombie (D:5)
  3 rats
56 creatures vanquished.

Notes
Turn   | Place    | Note
-------+----------+-------------------------------------------
     0 | D:1      | brucemayne the Vampire Berserker began the quest for the Orb.
     0 | D:1      | Reached XP level 1. HP: 17/17 MP: 1/1
   123 | D:3      | Noticed Ijyb
   129 | D:3      | Killed Ijyb
   129 | D:3      | Reached skill level 3 in Axes
   129 | D:3      | Reached XP level 2. HP: 18/23 MP: 2/2
   129 | D:3      | Reached XP level 3. HP: 23/28 MP: 3/3
   315 | D:3      | Reached skill level 4 in Axes
   388 | D:3      | Found an iron altar of Okawaru.
   465 | D:4      | Reached XP level 4. HP: 27/34 MP: 4/4
   511 | D:5      | Entered Level 5 of the Dungeon
   515 | D:5      | Reached ** piety under Trog
   515 | D:5      | Reached skill level 5 in Axes
   606 | D:5      | Reached XP level 5. HP: 28/39 MP: 5/5
   619 | D:5      | Noticed Grinder
   722 | D:5      | Found Ehik Hyv's General Store.
   764 | D:6      | Noticed a sky beast
   773 | D:6      | Killed a sky beast
   773 | D:6      | Reached skill level 6 in Axes
   777 | D:6      | Reached XP level 6. HP: 46/46 MP: 6/6
   858 | D:7      | Got a faintly humming ring mail
   873 | D:7      | Identified the +5 ring mail "Tozolin" {rC+++ MR+ rCorr Dex-3} (You found it on level 7 of the Dungeon)
   879 | D:7      | Found a sparkling altar of Nemelex Xobeh.
   880 | D:7      | Found an opulent altar of Gozag.
   921 | D:8      | Found a snail-covered altar of Cheibriados.
  1102 | D:8      | Noticed a sky beast
  1119 | D:8      | Reached skill level 7 in Axes
  1122 | D:8      | Killed a sky beast
  1122 | D:8      | Reached XP level 7. HP: 20/51 MP: 7/7
  1222 | D:8      | Reached skill level 8 in Axes
  1343 | D:7      | Noticed Dowan
  1346 | D:7      | Noticed Duvessa
  1424 | D:8      | Found a glowing golden altar of the Shining One.
  1437 | D:8      | Found a hide-covered altar of Uskayaw.
  1437 | D:8      | Found a snail-covered altar of Cheibriados.
  1438 | D:8      | Found a hazy altar of Hepliaklqana.
  1443 | D:8      | Reached skill level 9 in Axes
  1443 | D:8      | Reached XP level 8. HP: 38/57 MP: 8/8
  1471 | D:8      | HP: 2/57 [killer bee (7)]
  1473 | D:8      | Reached skill level 13 in Axes
  1473 | D:8      | Reached XP level 9. HP: 2/62 MP: 9/9
  1474 | D:8      | Succumbed to a killer bee's poison

Vault maps used:
D:1:      eino_arrival_water_star, patterned_corridor
D:2:      nicolae_dithmenos_shadow_blocks
D:3:      old_standard_altar, first_bread, serial_park_tiny_2,
          uniq_crazy_yiuf_cottage, uniq_iyjb
D:4:      tgw_kikubaaqudgha
D:5:      yredelemnul_forgotten_temple_becter, serial_shops, shop_statue,
          uniq_pikel, uniq_grinder, uniq_edmund
D:6:      kennysheep_generic_room_14
D:7:      grunt_temple_overflow_opulence, minmay_misc_feat_five, uniq_duvessa
D:8:      grunt_temple_overflow_open, special_room, basic_altar,
          kennysheep_generic_room_2
D:9:      uniq_maurice

Skill      XL: |  1  2  3  4  5  6  7  8 |
---------------+-------------------------+-----
Axes           | 3 4 5 6 7 9 13 | 13.8
Fighting       | |  2.6
Armour         | |  1.5
Dodging        | |  2.1

Action                   |  1- 3 |  4- 6 |  7- 9 || total
-------------------------+-------+-------+-------++-------
Melee: Hand axe          |    85 |    86 |    26 ||   197
       Bite              |     7 |     8 |     7 ||    22
       Unarmed           |       |     1 |       ||     1
       War axe           |       |       |    36 ||    36
Invok: Berserk           |     1 |     4 |     2 ||     7
       Trog's Hand       |       |     2 |     5 ||     7
 Abil: End Transformatio |     1 |     3 |     2 ||     6
       Bat Form          |     1 |     3 |     2 ||     6
Evoke: Wand              |       |     1 |     3 ||     4
  Use: Potion            |     3 |     3 |     6 ||    12
       Scroll            |     2 |     3 |       ||     5
Armor: Ring mail         |    16 |    35 |    39 ||    90
       Leather armour    |     7 |       |       ||     7
Dodge: Dodged            |    66 |    48 |    45 ||   159
